 Dungeon Crawl Stone Soup version 0.17.0-28-g6e173f8 (webtiles) character file.

209 dorian the Firebug (level 5, -6/31 HPs)
             Began as an Octopode Fire Elementalist on Nov 27, 2015.
             Killed from afar by an orc priest (20 damage)
             ... with a wand of lightning
             ... on level 4 of the Dungeon.
             The game lasted 00:07:42 (3697 turns).

dorian the Firebug (Octopode Fire Elementalist)     Turns: 3697, Time: 00:07:42

Health: -6/31      AC:  3    Str:  7    XL:     5   Next: 87%
Magic:  5/8        EV: 12    Int: 19    God:
Gold:   132        SH:  0    Dex: 12    Spells: 3 memorised, 0 levels left

rFire  . . .     SeeInvis +     (no weapon)
rCold  . . .     Clarity  .     (no shield)
rNeg   . . .     SustAt   .     (helmet restricted)
rPois  .         Gourm    .     (no amulet)
rElec  .         Spirit   .     n - ring of protection from magic
rCorr  .         Warding  .     p - ring of see invisible
rMut   .         Stasis   .     C - +2 ring of protection
MR     +....                    (no ring)
Stlth  +++.......               (no ring)
                                (no ring)
                                (no ring)
                                (no ring)

@: lethally poisoned (-6 -> -7), very slightly contaminated, somewhat resistant
to hostile enchantments, fairly stealthy
A: almost no armour, amphibious, 8 rings, constrict 8, camouflage 1, gelatinous
body 1
a: no special abilities


You were on level 4 of the Dungeon.
You were hungry.

You visited 1 branch of the dungeon, and saw 4 of its levels.

You collected 132 gold pieces.

Inventory:

Hand Weapons
 o - a +0 blowgun
Missiles
 q - 28 poisoned needles
Jewellery
 n - a ring of protection from magic (left tentacle)
 p - a ring of see invisible (right tentacle)
 C - a +2 ring of protection (on tentacle)
Wands
 t - a wand of polymorph (16)
Scrolls
 g - 3 scrolls of magic mapping {unknown}
 j - a scroll of immolation {unknown}
 k - 5 scrolls of identify {unknown}
 l - a scroll of teleportation {unknown}
 m - 2 scrolls of fear {unknown}
 u - 3 scrolls of remove curse {unknown}
 y - 3 scrolls of noise {unknown}
 A - a scroll of random uselessness {unknown}
Potions
 c - 2 potions of ambrosia {unknown}
 d - a potion of might {unknown}
 e - 3 potions of curing {unknown}
 f - 2 potions of haste {unknown}
 r - a potion of flight {unknown}
 v - a potion of poison {unknown}
 w - a potion of agility {unknown}
 x - 2 potions of degeneration {unknown}
 z - a potion of berserk rage {unknown}
 B - a potion of beneficial mutation {unknown}
Books
 a - a book of Flames

   Spells                             Type                      Level
   a - Flame Tongue                   Conjuration/Fire             1
   b - Throw Flame                    Conjuration/Fire             2
   c - Conjure Flame                  Conjuration/Fire             3
   d - Inner Flame                    Hexes/Fire                   3
   e - Sticky Flame                   Conjuration/Fire             4
   f - Fireball                       Conjuration/Fire             5
Comestibles
 b - 5 bread rations
 h - 3 slices of pizza
 i - a meat ration
 s - a beef jerky


   Skills:
 - Level 2.0 Dodging
 - Level 2.6 Stealth
 - Level 2.0 Spellcasting
 + Level 3.8 Conjurations
 + Level 5.0 Fire Magic


You couldn't memorise any spells.
You knew the following spells:

 Your Spells              Type           Power        Failure   Level  Hunger
a - Flame Tongue          Conj/Fire      ###..        3%          1    #......
b - Conjure Flame         Conj/Fire      ###.....     12%         3    ###....
c - Sticky Flame          Conj/Fire      ###.....     34%         4    #####..


Dungeon Overview and Level Annotations

Branches:
Dungeon (4/15)
 Temple: D:4-7

Altars:
Gozag
Trog
Zin

Shops:
D:4 (:

Annotations:
D:4 Robin


Innate Abilities, Weirdness & Mutations

You cannot wear most types of armour.
You are amphibious.
You can wear up to eight rings at the same time.
You can use your tentacles to constrict eight enemies at once.
Your skin changes colour to match your surroundings (Stealth).
Your rubbery body absorbs attacks (AC +1).


Message History

Casting: Flame Tongue
Confirm with . or Enter, or press ? or * to list all spells.
Aiming: Flame Tongue
Press: ? - help, Shift-Dir - straight line, f - orc priest
Aim: an orc priest, wielding a hand axe (hasn't noticed you)
The flame tongue hits the orc priest.
The orc priest is lightly wounded.
The orc priest shouts!
The orc priest zaps a wand.
The bolt of lightning hits you!
It is a wand of lightning.
Casting: Flame Tongue
Confirm with . or Enter, or press ? or * to list all spells.
Aiming: Flame Tongue
Press: ? - help, Shift-Dir - straight line, f/p - orc priest
Aim: an orc priest, wielding a hand axe and carrying a wand of lightning {zapped: 1} (lightly wounded)
The flame tongue hits the orc priest.
The orc priest is heavily wounded.
You feel sick.
The orc priest zaps a wand.
The bolt of lightning hits you!
Ouch! That really hurt!
You die...

#.....###.(...# #
###....## ##....# #.
#......# .....#
##.##.#.#..####..####
..........#..##### .
###..........# ♣.
###.....#.##(# ♣P.
#.......o....## ##P..
#......@#.##.P♣ ##..P..
#...#...#(##(.♣ ##$♣....
###...#...#.##.####..†PP..
.......†..#o##)###P♣)♣
##....#...#.##.#♣PPKP♣
......#...#.#..#♣K(P.#
.##.. #...#.#..P(♣♣♣## #..
....# #..(.♣ .. .####
#(..##


You could see an orc priest.

Vanquished Creatures
  A big kobold (D:4)
  3 adders (D:2)
  An ooze (D:2)
  4 worms (D:3)
  7 orcs
  11 bats
  7 goblins
  11 hobgoblins
  3 jackals (D:3)
  5 quokkas
  3 giant cockroaches (D:3)
  A giant gecko (D:3)
  4 giant newts
  22 kobolds
  9 rats
92 creatures vanquished.

Vanquished Creatures (others)
  A plant (D:4)
1 creature vanquished.

Grand Total: 93 creatures vanquished

Notes
Turn   | Place    | Note
--------------------------------------------------------------
     0 | D:1      | dorian the Octopode Fire Elementalist began the quest for the Orb.
     0 | D:1      | Reached XP level 1. HP: 11/11 MP: 3/3
   321 | D:1      | Reached XP level 2. HP: 6/17 MP: 0/5
   973 | D:2      | Reached XP level 3. HP: 14/21 MP: 1/6
  1286 | D:2      | Reached skill level 4 in Fire Magic
  1286 | D:2      | Reached XP level 4. HP: 27/27 MP: 4/7
  1858 | D:2      | Found a glowing silver altar of Zin.
  2219 | D:3      | Found an opulent altar of Gozag.
  2784 | D:3      | Found a bloodstained altar of Trog.
  2846 | D:3      | Reached XP level 5. HP: 29/31 MP: 3/8
  3068 | D:4      | Found Fumof's Weapon Shoppe.
  3068 | D:4      | Noticed Robin
  3229 | D:3      | Learned a level 3 spell: Conjure Flame
  3234 | D:3      | Learned a level 4 spell: Sticky Flame
  3320 | D:4      | Found Bov Farghydgh's Book Emporium.
  3560 | D:4      | Reached skill level 5 in Fire Magic
  3697 | D:4      | Killed from afar by an orc priest

Action                   |  1- 3 |  4- 6 || total
-------------------------+-------+-------++-------
Melee: Unarmed           |    40 |    26 ||    66
 Cast: Flame Tongue      |    42 |   110 ||   152
 Stab: Sleeping          |     4 |       ||     4
  Eat: Chunk             |     2 |     8 ||    10
